 Dungeon Crawl Stone Soup version 0.29-a0-1052-g6990b1bffc (webtiles) character file.

Game seed: 12645788876314005364

1960 Zeldest the Chiller (level 9, -8/74 HPs)
             Began as a Meteoran Wanderer on Aug 17, 2022.
             Was a Follower of Cheibriados.
             Mangled by an orc warrior
             ... wielding a +0 war axe
              (13 damage)
             ... in a bailey.
             The game lasted 00:16:27 (2250 turns).

Zeldest the Chiller (Meteoran Wanderer)             Turns: 2250, Time: 00:16:28

Health: -8/74      AC: 10    Str: 16    XL:     9   Next: 70%
Magic:  11/17      EV: 11    Int: 21    God:    Cheibriados [*.....]
Gold:   263        SH:  0    Dex: 20    Spells: 13/17 levels left

rFire   . . .      SeeInvis .   g - +7 long sword "Jadiot" {vorpal, Dex+2}
rCold   . . .      Faith    +   (no shield)
rNeg    . . .      Spirit   .   b - +0 ring mail
rPois   +          Reflect  .   (no helmet)
rElec   .          Harm     .   C - +2 cloak {Stlth+}
rCorr   .          Rampage  .   (no gloves)
Will    +....                   m - +0 pair of boots
Stlth   +.........              B - amulet of faith
HPRegen 0.22/turn               h - ring of poison resistance
MPRegen 0.15/turn               (no ring)

@: glowing, very slow
A: sense surroundings 2, otherworldly, glowing, explore regen
a: Renounce Religion, Bend Time


You were in a bailey.
You worshipped Cheibriados.
Cheibriados was aware of your devotion.
You visited 2 branches of the dungeon, and saw 9 of its levels.
You also visited: Bailey.

You collected 263 gold pieces.

Inventory:

Hand Weapons
 g - the +7 long sword "Jadiot" (weapon) {vorpal, Dex+2}
   (You found it on level 2 of the Dungeon)

   It inflicts extra damage upon your enemies.
   Dex:       It affects your dexterity (+2).
Armour
 b - a +0 ring mail (worn)
 m - a +0 pair of boots (worn)
 C - a +2 cloak of stealth (worn)
Jewellery
 h - a ring of poison resistance (left hand)
 B - an amulet of faith (around neck)
Wands
 d - a wand of acid (9)
 s - a wand of roots (21)
 u - a wand of charming (8)
Scrolls
 a - a scroll of summoning {unknown}
 i - 3 scrolls of vulnerability {unknown}
 k - 6 scrolls of identify {unknown}
 o - 2 scrolls of butterflies {unknown}
 q - 2 scrolls of noise {unknown}
 r - a scroll of enchant weapon {unknown}
 v - 3 scrolls of enchant armour {unknown}
 w - a scroll of immolation {unknown}
 x - a scroll of blinking {unknown}
 y - a scroll of brand weapon {unknown}
 z - 2 scrolls of teleportation {unknown}
 D - a scroll of fear {unknown}
Potions
 c - 2 potions of might
 e - a potion of magic {unknown}
 f - 2 potions of heal wounds {unknown}
 j - 2 potions of curing {unknown}
 l - a potion of brilliance {unknown}
 n - 4 potions of cancellation
 p - 2 potions of mutation {unknown}
 t - a potion of lignification {unknown}
 A - a potion of berserk rage {unknown}


   Skills:
 + Level 5.1 Fighting
 - Level 3.6 Armour
 - Level 1.2 Dodging
 + Level 4.8 Spellcasting
 * Level 4.7 Conjurations
 + Level 2.5 Summonings
 + Level 6.0 Transmutations
 - Level 6.2 Ice Magic
 + Level 2.5 Earth Magic
 + Level 4.0 Invocations
 - Level 3.6 Evocations


You had 13 spell levels left.
You knew the following spells:

 Your Spells              Type           Power      Damage    Failure   Level
a - Frozen Ramparts       Ice            62%        1d10      4%          3
b - Freeze                Ice            100%       1d11      1%          1

Your spell library contained the following spells:

 Spells                   Type           Power      Damage    Failure   Level
 Hailstorm                Conj/Ice       28%        3d8       21%         4
 Ignite Poison            Fire/Tmut/Pois 13%        N/A       26%         3
 Sublimation of Blood     Necr           5%         N/A       30%         2
 Mephitic Cloud           Conj/Pois/Air  11%        N/A       30%         3
 Petrify                  Tmut/Erth      23%        N/A       34%         4
 Irradiate                Conj/Tmut      13%        3d16      52%         5
 Iskenderun's Battlesphe  Conj           25%        2d8       61%         5
 Freezing Cloud           Conj/Ice/Air   10%        6-21      77%         5
 Iron Shot                Conj/Erth      10%        9d3       100%        6
 Spellforged Servitor     Conj/Summ      10%        N/A       100%        7


Dungeon Overview and Level Annotations

Branches:
Dungeon (8/15) Zot: 4028   Temple (1/1) D:5 Zot: 868    Lair (0/5) D:8
 Bailey (1/1) Zot: 811

Altars:
Cheibriados
Dithmenos
Elyvilon
Fedhas
Gozag
Kikubaaqudgha
Makhleb
Okawaru
Sif Muna
Trog
Uskayaw
Xom
Yredelemnul
Zin
The Shining One


Innate Abilities, Weirdness & Mutations

You passively map the area around you.
You are easily found by Zot.
You glow in the dark.
You regain HP and MP as you explore.


Message History

The frozen ramparts melt away.
The orc warrior hits you with a +0 war axe!
Casting: Frozen Ramparts (dangerous; 4% risk of failure)
Press: ? - help, Q - select action, (/) - cycle Dir - look around, f - activate The walls around you are covered in ice.
The wall freezes the orc warrior.
The orc warrior hits you with a +0 war axe.
You slash the orc warrior!
You kill the orc warrior!
Cheibriados appreciates the change of pace.
Your Transmutations skill increases to level 6!
Your Invocations skill increases to level 4!
The frozen ramparts melt away as you move.
Items here: ( )))) [[[[ †††.
Something unseen opens the door.
Items here: )) [[ †.
Found a potion of flight.
An orc warrior comes into view. It is wielding a +0 war axe. x2
Things that are here:
a +0 hand axe; a +0 leather armour; a hobgoblin corpse
Casting: Frozen Ramparts (dangerous; 4% risk of failure)
Press: ? - help, Q - select action, (/) - cycle Dir - look around, f - activate The walls around you are covered in ice.
The wall freezes the orc warrior but does no damage.
The orc warrior hits you with a +0 war axe!
* * * LOW HITPOINT WARNING * * *
The wall freezes the orc warrior but does no damage.
The orc warrior hits you with a +0 war axe!
* * * LOW HITPOINT WARNING * * *
Okay, then.
Okay, then.
Okay, then.
It was a potion of cancellation.
Your magical effects are unravelling.
You feel magically purged.
The frozen ramparts melt away.
The sentinel's mark upon you fades away.
The orc warrior barely misses you.
A hobgoblin comes into view. It is wielding a +0 hand axe.
The orc warrior hits you with a +0 war axe!
You die...

##..∩......####
##.............####
#~≈≈≈≈≈≈≈≈....)...### *
≈≈≈≈≈≈≈≈≈≈≈≈≈~.......## *
≈≈≈#########≈≈≈≈≈.(....##
* ~
≈≈K#...[og.#K≈≈≈≈≈≈~....#
~ ~~ ##
#.......####(≈≈~≈≈≈≈≈≈ ~~
~,
..####'####..#(()..≈≈≈≈≈
,*
......o@))...###......##
+..####o####).+,#.....###
,,* ..g #(.###.......# ,
#.... ,,#..#....⌠..... ,
* #..!. ##'#.........#
#########...........## ,
, ,K.............#### * *
**#.############# * , ,


You could see 2 orc warriors and a hobgoblin.

Vanquished Creatures
  An ice beast (D:6)
  5 orc warriors (Bailey)
  3 ogres
  2 black bears
  A phantom (D:6)
  5 scorpions
  5 killer bees (D:8)
  3 howler monkeys (D:5)
  A crimson imp (D:3)
  2 jellies
  Crazy Yiuf (D:7)
  An iguana (D:4)
  2 gnolls (Bailey)
  3 adders
  A white imp (D:7)
  An ufetubus (D:7)
  A worm (D:3)
  A dart slug (D:2)
  7 orcs
  3 ball pythons
  5 bats
  7 endoplasms
  A giant cockroach (D:3)
  7 goblins
  9 hobgoblins
  2 quokkas
  3 frilled lizards
  A goblin zombie (D:3)
  3 hobgoblin zombies (D:3)
  11 kobolds
  An orc skeleton (D:3)
  3 rats
102 creatures vanquished.

Notes
Turn   | Place    | Note
-------+----------+-------------------------------------------
     0 | D:1      | Zeldest the Meteoran Wanderer began the quest for the Orb.
     0 | D:1      | Zeldest set off with the following items: a +0 dagger, a +0
                  | ring mail, a potion of might, a wand of acid (4); and the
                  | following spell memorised: Freeze; and the following spells
                  | available to memorise: Frozen Ramparts.
     0 | D:1      | Reached XP level 1. HP: 16/16 MP: 3/3
    79 | D:1      | Reached XP level 2. HP: 23/23 MP: 5/5
   117 | D:1      | Reached skill level 1 in Transmutations
   164 | D:2      | Identified the +7 long sword "Jadiot" {vorpal, Dex+2}
   273 | D:2      | Reached XP level 3. HP: 28/28 MP: 6/6
   512 | D:3      | Found a glowing golden altar of the Shining One.
   542 | D:3      | Reached XP level 4. HP: 34/36 MP: 6/8
   604 | D:3      | Reached XP level 5. HP: 41/41 MP: 9/9
  1070 | D:4      | Reached XP level 6. HP: 50/50 MP: 9/11
  1189 | D:5      | Entered Level 5 of the Dungeon
  1199 | D:5      | Noticed a black bear
  1201 | D:5      | Reached XP level 7. HP: 57/57 MP: 12/12
  1490 | D:5      | Reached skill level 5 in Ice Magic
  1509 | D:5      | Found a shimmering blue altar of Sif Muna.
  1567 | D:5      | Reached XP level 8. HP: 39/66 MP: 15/15
  1573 | D:5      | Found a staircase to the Ecumenical Temple.
  1585 | Temple   | Entered the Ecumenical Temple
  1597 | Temple   | Became a worshipper of Cheibriados the Contemplative
  1624 | D:5      | Learned a level 3 spell: Frozen Ramparts
  1693 | D:6      | Reached skill level 1 in Conjurations
  1693 | D:6      | Reached skill level 1 in Invocations
  1716 | D:6      | Reached skill level 5 in Transmutations
  1813 | D:6      | Found a hide-covered altar of Uskayaw.
  1850 | D:6      | Gained mutation: You passively map the area around you.
                  | [Meteoran growth]
  1850 | D:6      | Reached XP level 9. HP: 55/72 MP: 16/16
  1971 | D:7      | Found a runed translucent door.
  1972 | D:7      | Noticed Crazy Yiuf
  1977 | D:7      | Killed Crazy Yiuf
  1978 | D:7      | Reached skill level 1 in Earth Magic
  2095 | D:8      | Reached skill level 1 in Summonings
  2100 | D:8      | Found a staircase to the Lair.
  2154 | D:8      | Found a flagged portal.
  2170 | D:8      | Reached * piety under Cheibriados
  2184 | Bailey   | Entered a bailey
  2240 | Bailey   | Reached skill level 5 in Fighting
  2250 | Bailey   | Mangled by an orc warrior

Illustrated notes

Levels and vault maps discovered:
D:1:      dpeg_arrival_houses_and_road, layout_basic,
          hellmonk_ecumenical_altar_inner_sanctum
D:2:      layout_loops_cross, minmay_quantized
D:3:      layout_loops_ring, nicolae_tso_besieged_by_evil,
          nzn_wu_jian_contemplation, amethyst_killhole, minmay_circle_x
D:4:      layout_loops_cross, lightli_corner_chamber
D:5:      layout_basic, lemuel_coloured_pillars_altar,
          minmay_temple_entry_poolview
D:6:      layout_rooms, nicolae_uskayaw_murder_on_the_dancefloor
D:7:      layout_rooms, nicolae_hepliaklqana_ecumenical_no_more,
          uniq_crazy_yiuf_cottage
D:8:      kennysheep_spiral_hall, layout_loops_ring, enter_bailey_4
Temple:   hellmonk_temple_two_chambers
Bailey:   bailey_axe_4, bailey

Skill      XL: |  1  2  3  4  5  6  7  8  9 |
---------------+----------------------------+-----
Transmutations | 1 2 3 4 5 6 |  6.0
Ice Magic      | 2 3 4 5 6 |  6.2
Fighting       | 2 3 4 5 |  5.1
Spellcasting   | 2 3 4 |  4.8
Conjurations   | 2 4 |  4.7
Invocations    | 2 4 |  4.0
Earth Magic    | 2 |  2.5
Summonings     | 2 |  2.5
Armour         | |  3.6
Dodging        | |  1.2
Evocations     | |  3.6

Action                   |  1- 3 |  4- 6 |  7- 9 || total
-------------------------+-------+-------+-------++-------
Melee: Dagger            |    24 |       |       ||    24
       Long sword        |    47 |    42 |    81 ||   170
       Punch             |     1 |       |     2 ||     3
 Cast: Frozen Ramparts   |       |       |    11 ||    11
Evoke: Wand              |       |       |     5 ||     5
  Use: Potion            |       |       |     1 ||     1
Armor: Ring mail         |    40 |    19 |    49 ||   108
Dodge: Dodged            |    24 |    14 |    60 ||    98

Table legend: (Time is in decaauts)
 A = Elapsed time spent in this place.
 B = Non-inter-level travel time spent in this place.
 C = Inter-level travel time spent in this place.
 D = Time resting spent in this place.
 E = Time spent auto-exploring this place.
 F = Levels seen in this place.
 G = Mean time per level.
                   A        B        C        D        E       F      G
               +--------+--------+--------+--------+--------+-----+--------+
         Total |   2472 |   2339 |    133 |      0 |      0 |  10 |  247.2 |
       Dungeon |   2359 |   2226 |    133 |      0 |      0 |   8 |  294.9 |
        Temple |     25 |     25 |      0 |      0 |      0 |   1 |   25.0 |
        Bailey |     87 |     87 |      0 |      0 |      0 |   1 |   87.0 |
               +--------+--------+--------+--------+--------+-----+--------+

Top non-repeatable levels by time:
     D:5: 427 daAuts
     D:4: 426 daAuts
     D:2: 354 daAuts
     D:6: 337 daAuts
     D:3: 303 daAuts
     D:7: 233 daAuts
     D:8: 140 daAuts
     D:1: 137 daAuts
  Bailey: 87 daAuts
  Temple: 25 daAuts
